 Dungeon Crawl Stone Soup version 0.27.1-1-g398f81649c (webtiles) character file.

Game seed: 2741552037390808141

5877 Tinkle the Cleaver (level 10, -6/91 HPs)
             Began as a Minotaur Berserker on Sept 7, 2021.
             Was a High Priest of Trog.
             Mangled by an orc warrior (11 damage)
             ... on level 9 of the Dungeon on Sept 8, 2021.
             The game lasted 00:31:10 (9199 turns).

Tinkle the Cleaver (Minotaur Berserker)             Turns: 9199, Time: 00:31:10

Health: -6/91      AC: 15    Str: 24    XL:     10   Next: 52%
Magic:  9/9        EV:  9    Int:  4    God:    Trog [*****.]
Gold:   572        SH:  0    Dex: 11    Spells: 9/9 levels left

rFire    . . .     SeeInvis .   a - +5 hand axe (freeze)
rCold    . . .     Faith    .   (no shield)
rNeg     . . .     Spirit   .   v - +1 chain mail
rPois    +         Reflect  .   (helmet restricted)
rElec    .         Harm     .   D - +2 cloak {rCorr}
rCorr    +         Rampage  .   (no gloves)
Will     .....                  H - +0 pair of boots
Stlth    ..........             (no amulet)
HPRegen  0.25/turn              q - ring of poison resistance
MPRegen  0.11/turn              (no ring)

@: on berserk cooldown, slowed, very slow
A: horns 2, retaliatory headbutt
a: Renounce Religion, Berserk, Trog's Hand, Brothers in Arms


You were on level 9 of the Dungeon.
You worshipped Trog.
Trog was extremely pleased with you.
You visited 1 branch of the dungeon, and saw 9 of its levels.

You collected 572 gold pieces.

Inventory:

Hand Weapons
 a - a +5 hand axe of freezing (weapon)
 b - a +4 flail of freezing
 B - a +2 vorpal hand axe
Missiles
 k - a throwing net
 m - 9 boomerangs (quivered)
 x - 15 curare-tipped darts
 G - 2 poisoned darts
Armour
 v - a +1 chain mail (worn)
 D - a +2 cloak of preservation (worn)
 H - a +0 pair of boots (worn)
Jewellery
 q - a ring of poison resistance (left hand)
 u - an amulet of magic regeneration
Wands
 l - a wand of digging (4)
 o - a wand of iceblast (10)
 s - a wand of paralysis (11)
 y - a wand of flame (19)
Scrolls
 c - a scroll of acquirement
 f - 2 scrolls of teleportation
 g - a scroll of enchant armour
 j - a scroll of immolation {unknown}
 n - a scroll of fog {unknown}
 w - 3 scrolls of fear
 F - a scroll of magic mapping
Potions
 d - a potion of degeneration {unknown}
 e - 4 potions of curing
 h - 4 potions of might
 i - a potion of haste {unknown}
 p - 2 potions of lignification
 r - a potion of flight {unknown}
 t - a potion of invisibility {unknown}
 z - 2 potions of heal wounds
 A - 2 potions of brilliance
 C - a potion of attraction {unknown}
 E - a potion of mutation {unknown}


   Skills:
 + Level 9.2 Fighting
 - Level 14.0 Axes
 - Level 5.0 Armour
 - Level 5.0 Dodging
 - Level 5.0 Evocations


You had 9 spell levels left.
You didn't know any spells.
Your spell library contained the following spells:

 Spells                   Type           Power      Damage    Failure   Level
 Foxfire                  Conj/Fire      0%         2x1d4     98%         1
 Magic Dart               Conj           0%         1d3       98%         1
 Pain                     Necr           0%         1d4       98%         1
 Corpse Rot               Necr/Air       N/A        N/A       99%         2
 Poisonous Vapours        Pois/Air       0%         N/A       99%         2
 Searing Ray              Conj           0%         3d3       99%         2
 Conjure Flame            Conj/Fire      0%         6-21      100%        3
 Dazzling Flash           Conj/Hex       0%         N/A       100%        3
 Inner Flame              Hex/Fire       0%         N/A       100%        3
 Fulminant Prism          Conj/Hex       0%         3d6       100%        4
 Iskenderun's Mystic Bla  Conj/Tloc      0%         2d3       100%        4
 Agony                    Necr           0%         N/A       100%        5
 Excruciating Wounds      Necr           0%         N/A       100%        5
 Freezing Cloud           Conj/Ice/Air   0%         6-21      100%        5
 Summon Forest            Summ/Tloc      0%         N/A       100%        5
 Summon Mana Viper        Hex/Summ       0%         N/A       100%        5
 Eringya's Noxious Bog    Tmut/Pois      0%         N/A       100%        6
 Shadow Creatures         Summ           N/A        N/A       100%        6
 Starburst                Conj/Fire      0%         6d3       100%        6
 Summon Hydra             Summ           0%         N/A       100%        7


Dungeon Overview and Level Annotations

Branches:
Dungeon (9/15)             Temple (0/1) D:5             Orc (0/2) D:9
   Lair: D:8-11

Altars:
Kikubaaqudgha
Makhleb
Trog
Zin

Shops:
D:3 :=:   D:5 ((   D:9 :


Innate Abilities, Weirdness & Mutations

You have a pair of horns on your head.
You reflexively headbutt those who attack you in melee.


Message History

The gnoll sergeant hits you from afar with a +0 spear.
You hit the gnoll sergeant. You freeze the gnoll sergeant.
You headbutt the gnoll sergeant.
You kill the gnoll sergeant!
Trog accepts your kill.
You closely miss the orc warrior.
You hit the orc warrior but do no damage.
The orc warrior hits you but does no damage.
The orc warrior barely misses you.
You hit the orc warrior. You freeze the orc warrior.
Your headbutt misses the orc warrior.
The orc warrior is moderately wounded.
You hit the orc warrior but do no damage.
The gnoll sergeant hits you but does no damage. x2
The orc warrior barely misses you. You furiously retaliate!
You headbutt the orc warrior. You barely miss the orc warrior.
The orc warrior is moderately wounded.
You hit the orc warrior but do no damage.
The orc warrior hits you with a +0 trident!
The gnoll sergeant hits you from afar with a +0 spear.
The gnoll sergeant hits you but does no damage.
You closely miss the orc warrior.
The orc warrior is lightly wounded.
You slash the troll! You freeze the troll.
You hit the orc warrior but do no damage.
The orc warrior hits you with a +0 scimitar!
* * * LOW HITPOINT WARNING * * *
The orc warrior barely misses you.
The gnoll sergeant hits you from afar with a +0 spear.
* * * LOW HITPOINT WARNING * * *
The gnoll sergeant hits you from afar with a +0 spear!
* * * LOW HITPOINT WARNING * * *
The troll bites you.
* * * LOW HITPOINT WARNING * * *
The troll claws you but does no damage. The troll barely misses you.
The orc warrior hits you with a +0 trident!
* * * LOW HITPOINT WARNING * * *
The orc warrior hits you with a +0 scimitar!
You die... # #.#...# #.###)###o...###.#. ###'#...# 8og #.g......#. ........# #gTo #g#..###.#. ....[...# .#ooO

#o#......#. ........#####...#ogg
#o#...##.#. .........<......#8.o
#.##..##.#.
.............##########.##...#.#.
..................g...........(..
.....##.........@ogo(...###....##
.............###oT)o...........#
#####........# ####............##
#...###### #..............
############# #..#######...##
#........# #..# #...## #........#
#..# #..... #........# #..####
#....# #....(...# #.....# #.....


You could see a troll, 3 orc warriors, 2 gnoll sergeants and an orc.

Vanquished Creatures
  A two-headed ogre (D:9)
  Pikel (D:9)
  A manticore (D:7)
  A troll (D:8)
  Sigmund (D:5)
  6 yaks (D:9)
  A wyvern (D:8)
  3 water moccasins
  A black bear (D:8)
  An ice beast (D:7)
  2 ogres
  A sky beast (D:7)
  2 phantoms
  A lemure (D:9)
  3 kobold brigands
  A gnoll sergeant (D:9)
  A bullfrog (D:8)
  2 scorpions (D:5)
  2 water moccasin skeletons
  3 killer bees (D:9)
  11 wights
  5 howler monkeys (D:7)
  A bullfrog zombie (D:6)
  3 hounds
  A gnoll shaman (D:8)
  A centaur skeleton (D:7)
  Terence (D:2)
  Natasha (thrice) (D:2)
  2 iguanas
  6 orc wizards
  3 killer bee zombies
  A hound skeleton (D:5)
  7 gnolls
  A howler monkey skeleton (D:5)
  4 adders
  A shadow imp (D:7)
  A white imp (D:6)
  An ufetubus (D:4)
  3 dart slugs
  45 orcs
  5 ball pythons
  6 bats
  9 endoplasms
  2 giant cockroaches
  7 goblins
  5 hobgoblins
  19 kobolds
  4 quokkas
  2 frilled lizards
  7 rats
202 creatures vanquished.

Vanquished Creatures (others)
  11 fungi (D:2)
  A plant (D:5)
  4 toadstools (D:2)
16 creatures vanquished.

Grand Total: 218 creatures vanquished

Notes
Turn   | Place    | Note
-------+----------+-------------------------------------------
     0 | D:1      | Tinkle the Minotaur Berserker began the quest for the Orb.
     0 | D:1      | Reached XP level 1. HP: 19/19 MP: 0/0
   198 | D:1      | Reached skill level 4 in Axes
   235 | D:1      | Reached XP level 2. HP: 27/27 MP: 1/1
   955 | D:2      | Found a faded altar of an unknown god.
  1015 | D:2      | Noticed Natasha
  1019 | D:2      | Killed Natasha
  1020 | D:2      | Reached XP level 3. HP: 27/34 MP: 2/2
  1184 | D:2      | Reached ** piety under Trog
  1187 | D:2      | Noticed Terence
  1201 | D:2      | Killed Terence
  1202 | D:2      | Reached skill level 5 in Fighting
  1202 | D:2      | Reached skill level 5 in Axes
  1202 | D:2      | Reached XP level 4. HP: 42/42 MP: 3/3
  1322 | D:2      | Noticed Natasha
  1348 | D:2      | Killed Natasha
  1662 | D:2      | Noticed Natasha
  1668 | D:2      | Killed Natasha
  1669 | D:2      | Reached skill level 6 in Axes
  1669 | D:2      | Reached XP level 5. HP: 35/48 MP: 4/4
  1831 | D:2      | Identified 2 scrolls of acquirement
  1831 | D:2      | Acquired a +2 cloak of preservation
  1877 | D:3      | Found Coud's Book Boutique.
  1881 | D:3      | Found Iqatidd's Jewellery Emporium.
  2291 | D:3      | Found Wynwio Xapu's Book Shop.
  2719 | D:4      | Reached *** piety under Trog
  2720 | D:4      | Reached skill level 7 in Axes
  2845 | D:4      | Paralysed by an orc wizard for 4 turns
  2852 | D:4      | Reached XP level 6. HP: 52/56 MP: 5/5
  3460 | D:5      | Entered Level 5 of the Dungeon
  3505 | D:5      | Found a staircase to the Ecumenical Temple.
  3510 | D:5      | Reached skill level 8 in Axes
  3512 | D:5      | Noticed a water moccasin
  3534 | D:4      | Killed a water moccasin
  3663 | D:5      | Reached skill level 9 in Axes
  3663 | D:5      | Reached XP level 7. HP: 39/61 MP: 6/6
  3887 | D:5      | Found a bloodstained altar of Trog.
  3918 | D:5      | Found Mimuenu's Hydra Hut.
  3923 | D:5      | Noticed a four-headed hydra
  4094 | D:5      | Found Ceshra's Antique Weapon Emporium.
  4246 | D:5      | Reached skill level 10 in Axes
  4444 | D:5      | Noticed Sigmund
  4453 | D:5      | Reached skill level 11 in Axes
  4467 | D:5      | Killed Sigmund
  4468 | D:5      | Reached XP level 8. HP: 68/68 MP: 7/7
  5087 | D:6      | Reached **** piety under Trog
  5232 | D:6      | Reached skill level 12 in Axes
  6070 | D:6      | Noticed an angel
  6071 | D:6      | Found a glowing silver altar of Zin.
  6232 | D:7      | Reached skill level 13 in Axes
  6902 | D:7      | Reached XP level 9. HP: 71/74 MP: 8/8
  7052 | D:7      | Reached skill level 14 in Axes
  7140 | D:7      | Found a burning altar of Makhleb.
  7237 | D:7      | Noticed a manticore
  7272 | D:7      | Killed a manticore
  7634 | D:8      | Reached skill level 5 in Armour
  7634 | D:8      | Reached skill level 5 in Dodging
  7712 | D:8      | Reached skill level 1 in Evocations
  7718 | D:8      | Noticed a troll
  7740 | D:8      | Killed a troll
  8027 | D:8      | Reached ***** piety under Trog
  8342 | D:9      | Noticed a two-headed ogre
  8357 | D:9      | Killed a two-headed ogre
  8358 | D:9      | Reached XP level 10. HP: 68/86 MP: 9/9
  8463 | D:9      | Noticed Pikel
  8519 | D:9      | Killed Pikel
  8596 | D:9      | Found Tazuxt's Book Shop.
  8693 | D:9      | Reached skill level 5 in Evocations
  8801 | D:9      | Found an ancient bone altar of Kikubaaqudgha.
  9168 | D:9      | Found a staircase to the Orcish Mines.
  9199 | D:9      | Mangled by an orc warrior

Illustrated notes

Levels and vault maps discovered:
D:1:      tarquinn_simple_flora_water_e, layout_basic
D:2:      layout_basic, shapermc_ecumenical_altar_mp_highgroup,
          chequers_serial_rivers_room_b, chequers_serial_rivers_micro_a,
          minmay_gold_behind_fungi, minmay_misc_feat_rugged, uniq_terence,
          uniq_natasha
D:3:      layout_loops_ring, serial_shops, nicolae_shop_trees, shop_statue,
          nicolae_square_shop
D:4:      layout_loops_ring
D:5:      layout_basic, mainiacjoe_overflow_paths, minmay_temple_entry_slanted,
          serial_curves, eino_curves_02, eino_curves_04, eino_curves_04,
          serial_shops, nicolae_take_the_stairs, doesnt_shop_hydraphobe,
          uniq_sigmund
D:6:      layout_rooms, zin_angel
D:7:      layout_cave_pools, mainiacjoe_overflow_tiny_flanked,
          hangedman_decor_riveting, grunt_potential
D:8:      layout_basic
D:9:      layout_basic, mainiacjoe_overflow_cross_hatched,
          kennysheep_orc_monster_closet_entryway, serial_shops,
          nicolae_shop_trees, uniq_pikel

Skill      XL: |  1  2  3  4  5  6  7  8  9 10 |
---------------+-------------------------------+-----
Fighting       | 4 5 7 9 |  9.2
Axes           | 4 5 6 7 9 11 13 14 | 14.0
Armour         | 5 |  5.0
Dodging        | 5 |  5.0
Evocations     | 3 5 |  5.0

Action                   |  1- 3 |  4- 6 |  7- 9 | 10-12 || total
-------------------------+-------+-------+-------+-------++-------
Melee: Hand axe          |    37 |   102 |   254 |    67 ||   460
       Headbutt          |     4 |    19 |    51 |    11 ||    85
Throw: Boomerang         |       |       |     7 |     8 ||    15
       Dart              |       |       |     1 |       ||     1
Invok: Berserk           |     2 |       |     3 |     1 ||     6
       Trog's Hand       |       |       |     1 |       ||     1
  Use: Scroll            |       |     1 |    14 |     2 ||    17
 Stab: Sleeping          |     1 |       |       |       ||     1
Armor: Animal skin       |     3 |       |       |       ||     3
       Scale mail        |       |    16 |       |       ||    16
       Chain mail        |       |    14 |    73 |    26 ||   113
Dodge: Dodged            |    16 |    35 |    61 |    24 ||   136
